 Dungeon Sprint DCSS version 0.29.1-2-gbd0b4ee654 (webtiles) character file.

Game seed: 14454458673927347025

3105 Zeld the Severer (level 9, -10/91 HPs)
             Began as a Minotaur Berserker on Oct 24, 2022.
             Was a Priest of Trog.
             Mangled by a demonic crawler (13 damage)
             ... in the Dungeon (Sprint I: "Red Sonja").
             The game lasted 00:04:06 (1495 turns).

Zeld the Severer (Minotaur Berserker)               Turns: 1495, Time: 00:04:07

Health: -10/91     AC:  3    Str: 27    XL:     9   Next: 60%
Magic:  8/8        EV: 15    Int:  4    God:    Trog [***...]
Gold:   554        SH:  0    Dex:  9    Spells: 8/8 levels left

rFire   . . .      SeeInvis .   a - +0 hand axe
rCold   . . .      Faith    .   (no shield)
rNeg    . . .      Spirit   .   b - +0 animal skin
rPois   .          Reflect  .   (helmet restricted)
rElec   .          Harm     .   (no cloak)
rCorr   .          Rampage  .   (no gloves)
Will    +++..      NoTele   +   (no boots)
Stlth   +.........              i - amulet of regeneration
HPRegen 2.05/turn               p - ring of willpower
MPRegen 0.11/turn               (no ring)

@: strong-willed, on berserk cooldown, regenerating, slowed, very slow
A: horns 2, retaliatory headbutt
a: Renounce Religion, Berserk, Trog's Hand


You were in the Dungeon.
You worshipped Trog.
Trog was most pleased with you.
You visited 1 branch You collected 831 gold pieces.
You spent 277 gold pieces at shops.

Inventory:

Hand Weapons
 a - a +0 hand axe (weapon)
Armour
 b - a +0 animal skin (worn)
Jewellery
 i - an amulet of regeneration (around neck)
 o - an amulet of guardian spirit
 p - a ring of willpower (left hand)
Wands
 c - a wand of paralysis (4)
Scrolls
 l - 4 scrolls of identify {unknown}
 m - a scroll of fear {unknown}
Potions
 d - a potion of heal wounds
 e - a potion of haste
 f - 2 potions of magic
 g - a potion of berserk rage
 j - 2 potions of degeneration {unknown}
 k - 2 potions of mutation {unknown}
 n - 2 potions of curing
 q - a potion of attraction {unknown}
 r - a potion of cancellation {unknown}


   Skills:
 + Level 12.5 Fighting
 * Level 16.9 Axes
 + Level 12.2 Armour
 + Level 11.3 Dodging


You had 8 spell levels left.
You didn't know any spells.
Your spell library was empty.

Dungeon Overview and Level Annotations

Branches:
Dungeon (1/1)

Altars:
Cheibriados
Dithmenos
Elyvilon
Fedhas
Gozag
Hepliaklqana
Kikubaaqudgha
Makhleb
Nemelex Xobeh
Okawaru
Qazlal
Ru
Sif Muna
Trog
Uskayaw
Vehumet
Wu Jian
Xom
Yredelemnul
Zin
The Shining One
Jiyva
Lugonu

Shops:
D [*[


Innate Abilities, Weirdness & Mutations

You have a pair of horns on your head.
You reflexively headbutt those who attack you in melee.


Message History

Something unseen opens the door.
A gargoyle opens the door.
A centaur warrior comes into view.
The demonic crawler shrieks in warning!
The gargoyle hurls a stone arrow at you.
The stone arrow misses you.
The centaur warrior shouts!
Blink to where?
Press: ? - help, Dir - move target
As you read the scroll of blinking, it crumbles to dust.
There is an open door here.
There is an open door here.
You close the door.
A centaur warrior breaks down the door.
The centaur warrior wields a +0 longbow.
The centaur warrior shoots an arrow.
The arrow closely misses you.
There's a creature in the doorway!
Your skin crawls.
You feel strong-willed. The demonic crawler barely misses you.
You furiously retaliate!
You headbutt the demonic crawler. The demonic crawler barely misses you.
The demonic crawler hits you!
The demonic crawler shrieks in warning!
Unknown command.
Your black bear goes berserk!
You can no longer call in reinforcements.
The demonic crawler hits you! The demonic crawler closely misses you.
The demonic crawler hits you.
* * * LOW HITPOINT WARNING * * *
The demonic crawler hits you!
* * * LOW HITPOINT WARNING * * *
The demonic crawler hits you.
* * * LOW HITPOINT WARNING * * *
The demonic crawler hits you!
* * * LOW HITPOINT WARNING * * *
Unknown command.
You barely miss the demonic crawler.
The demonic crawler is lightly wounded.
Your black bear barely misses the demonic crawler.
Your black bear claws the demonic crawler but does no damage. x2
The demonic crawler hits you!
You die...

#########################
#<.#..)..#..'..#__#..'...
#..)..#.9c)9#.§'..'..#)..
#..#####s#####'#__####..s
#..####h@#...#.#### ####
#..#__####..##.#
#..#_____##'#_c'
#⌠⌠#_.∩...'..._#
####_..__##_.#'##+###
#_____###'#.#....###
############.####'###)##
#∩........'...'†....'[∩#
###++++####...##########


You could see a demonic crawler (ally target), a centaur warrior, a gargoyle and
a friendly black bear (summoned, berserk).

Vanquished Creatures
  Sonja (D)
  A deep troll (D)
  2 kobold demonologists (D)
  3 demonic crawlers (D)
  A slime creature (D)
  Sigmund (D)
  A yak (D)
  A floating eye (D)
  An ogre (D)
  A jelly (D)
  Ijyb (D)
14 creatures vanquished.

Vanquished Creatures (others)
  2 ballistomycete spores (D)
2 creatures vanquished.

Grand Total: 16 creatures vanquished

Notes
Turn   | Place    | Note
-------+----------+-------------------------------------------
     0 | D        | Zeld the Minotaur Berserker began the quest for the Orb.
     0 | D        | Reached XP level 1. HP: 19/19 MP: 0/0
     1 | D        | Noticed Ijyb
    10 | D        | Killed Ijyb
    11 | D        | Reached skill level 5 in Axes
    11 | D        | Reached XP level 2. HP: 17/28 MP: 1/1
   360 | D        | Noticed an ogre
   363 | D        | Killed an ogre
   364 | D        | Reached skill level 7 in Axes
   364 | D        | Reached skill level 5 in Armour
   364 | D        | Reached XP level 3. HP: 37/37 MP: 2/2
   364 | D        | Reached XP level 4. HP: 44/44 MP: 3/3
   441 | D        | Noticed Sigmund
   446 | D        | Killed Sigmund
   446 | D        | Reached ** piety under Trog
   447 | D        | Reached skill level 10 in Axes
   447 | D        | Reached XP level 5. HP: 52/52 MP: 4/4
   447 | D        | Reached XP level 6. HP: 60/60 MP: 5/5
   534 | D        | Found a burning altar of Makhleb.
   534 | D        | Found a viscous altar of Jiyva.
   534 | D        | Found a shimmering altar of Xom.
   534 | D        | Found a corrupted altar of Lugonu.
   534 | D        | Noticed a slime creature
   544 | D        | Killed a slime creature
   545 | D        | Reached skill level 11 in Axes
   888 | D        | Found an ornate altar of the Wu Jian Council.
   888 | D        | Found a shimmering blue altar of Sif Muna.
   890 | D        | Found a radiant altar of Vehumet.
   927 | D        | Found Gept's Assorted Antiques.
   927 | D        | Found an ancient bone altar of Kikubaaqudgha.
   927 | D        | Found a hazy altar of Hepliaklqana.
   927 | D        | Found a hide-covered altar of Uskayaw.
   927 | D        | Found a basalt altar of Yredelemnul.
   927 | D        | Found an opulent altar of Gozag.
   927 | D        | Found a snail-covered altar of Cheibriados.
   927 | D        | Found a sacrificial altar of Ru.
   927 | D        | Found a shadowy altar of Dithmenos.
   927 | D        | Noticed a yak
   930 | D        | Found a stormy altar of Qazlal.
   930 | D        | Found a blossoming altar of Fedhas.
   930 | D        | Found a bloodstained altar of Trog.
   930 | D        | Found an iron altar of Okawaru.
   930 | D        | Found a glowing golden altar of the Shining One.
   930 | D        | Found a glowing silver altar of Zin.
   930 | D        | Found a white marble altar of Elyvilon.
   934 | D        | Killed a yak
   935 | D        | Reached skill level 12 in Axes
   935 | D        | Reached XP level 7. HP: 48/70 MP: 6/6
   936 | D        | Found a sparkling altar of Nemelex Xobeh.
   966 | D        | Bought a scroll of blinking for 202 gold pieces
   966 | D        | Bought a viscous black potion for 24 gold pieces
   966 | D        | Bought a viscous black potion for 24 gold pieces
   966 | D        | Bought a scroll labelled WANGAK BASMEL for 27 gold pieces
   992 | D        | Noticed a kobold demonologist
   993 | D        | Noticed a kobold demonologist
   995 | D        | Noticed a ynoxinul
   995 | D        | Reached *** piety under Trog
   996 | D        | Noticed a chaos spawn
  1006 | D        | Killed a kobold demonologist
  1007 | D        | Reached skill level 10 in Fighting
  1007 | D        | Reached skill level 13 in Axes
  1008 | D        | Noticed an ice devil
  1019 | D        | Killed a kobold demonologist
  1020 | D        | Reached skill level 14 in Axes
  1020 | D        | Reached skill level 10 in Armour
  1020 | D        | Reached XP level 8. HP: 37/81 MP: 7/7
  1182 | D        | Noticed Sonja
  1188 | D        | Killed Sonja
  1188 | D        | Reached **** piety under Trog
  1189 | D        | Reached skill level 15 in Axes
  1189 | D        | Reached skill level 10 in Dodging
  1234 | D        | Found Wukumak's Antique Armour Boutique.
  1296 | D        | Noticed a deep troll
  1305 | D        | Killed a deep troll
  1306 | D        | Reached skill level 16 in Axes
  1306 | D        | Reached XP level 9. HP: 90/90 MP: 8/8
  1405 | D        | Found Obet's Armour Emporium.
  1460 | D        | Noticed a demonic crawler
  1460 | D        | Noticed a demonic crawler
  1460 | D        | Noticed a demonic crawler
  1460 | D        | Noticed a demonic crawler
  1467 | D        | Killed a demonic crawler
  1469 | D        | Noticed a gargoyle
  1474 | D        | Killed a demonic crawler
  1476 | D        | Killed a demonic crawler
  1487 | D        | Noticed a centaur warrior
  1494 | D        | HP: 1/91 [demonic crawler (10)]
  1495 | D        | Mangled by a demonic crawler

Illustrated notes

Levels and vault maps discovered:
D:        dungeon_sprint_1 [red_sonja_temple_1, red_sonja_temple_small_1]

Skill      XL: |  1  2  3  4  5  6  7  8  9 |
---------------+----------------------------+-----
Fighting       | 4 6 7 9 10 11 12 | 12.5
Axes           | 5 7 10 12 14 16 | 16.9
Armour         | 3 5 7 8 10 11 12 | 12.2
Dodging        | 3 4 6 8 9 10 11 | 11.3

Action                   |  1- 3 |  4- 6 |  7- 9 || total
-------------------------+-------+-------+-------++-------
Melee: Hand axe          |    10 |    18 |    49 ||    77
       Headbutt          |     4 |     4 |     7 ||    15
Invok: Berserk           |     2 |     2 |     4 ||     8
       Trog's Hand       |       |       |     2 ||     2
       Brothers in Arms  |       |       |     2 ||     2
Evoke: Wand              |       |       |     1 ||     1
  Use: Potion            |     1 |       |       ||     1
       Scroll            |       |       |     2 ||     2
 Stab: Paralysed         |       |       |     3 ||     3
Armor: Animal skin       |       |       |     4 ||     4
Dodge: Dodged            |     1 |     5 |    26 ||    32
